 Dungeon Crawl Stone Soup version 0.29.1-12-g30fa7ad0bf (webtiles) character file.

Game seed: 10584822722204616450

150 booth the Sneak (level 5, -2/31 HPs)
             Began as a Kobold Brigand on Jan 9, 2023.
             Killed from afar by an orc wizard (6 damage)
             ... with a puff of flame
             ... on level 3 of the Dungeon on Jan 10, 2023.
             The game lasted 00:23:44 (2811 turns).

booth the Sneak (Kobold Brigand)                    Turns: 2811, Time: 00:23:44

Health: -2/31      AC:  4    Str:  8    XL:     5   Next: 58%
Magic:  5/5        EV: 14    Int: 13    God:
Gold:   150        SH:  0    Dex: 18    Spells: 4/4 levels left

rFire   . . .      SeeInvis +   a - +2 dagger
rCold   . . .      Faith    .   (no shield)
rNeg    . . .      Spirit   .   b - +0 robe
rPois   .          Reflect  .   (no helmet)
rElec   .          Harm     .   c - +0 cloak
rCorr   .          Rampage  .   (no gloves)
Will    .....                   k - +0 pair of boots
Stlth   +++++.....              (no amulet)
HPRegen 0.10/turn               f - ring of see invisible
MPRegen 0.09/turn               (no ring)

@: no status effects
A: small, no large weapons, nightstalker 3
a: no special abilities


You were on level 3 of the Dungeon.
You visited 1 branch of the dungeon, and saw 3 of its levels.

You collected 150 gold pieces.

Inventory:

Hand Weapons
 a - a +2 dagger (weapon)
Missiles
 d - 18 poisoned darts (quivered)
 e - 2 curare-tipped darts
 i - 3 boomerangs
 j - a throwing net
Armour
 b - a +0 robe (worn)
 c - a +0 cloak (worn)
 k - a +0 pair of boots (worn)
Jewellery
 f - a ring of see invisible (left hand)
Scrolls
 g - 2 scrolls of teleportation
 h - 2 scrolls of identify
 l - a scroll of torment {unknown}
 q - a scroll of acquirement {unknown}
Potions
 m - a potion of ambrosia
 n - a potion of cancellation {unknown}
 o - 2 potions of resistance {unknown}
 p - a potion of brilliance {unknown}
 r - a potion of curing {unknown}
 s - a potion of might {unknown}


   Skills:
 + Level 2.6 Fighting
 * Level 4.4 Short Blades
 + Level 2.6 Throwing
 + Level 1.7 Dodging
 + Level 7.3 Stealth


You had 4 spell levels left.
You didn't know any spells.
Your spell library contained the following spells:

 Spells                   Type           Power      Damage    Failure   Level
 Sandblast                Erth           0%         2d4       30%         1
 Passwall                 Tmut/Erth      0%         N/A       43%         2
 Ignite Poison            Fire/Tmut/Pois 0%         N/A       67%         3
 Mephitic Cloud           Conj/Pois/Air  0%         N/A       67%         3
 Stone Arrow              Conj/Erth      0%         3d7       67%         3
 Freezing Cloud           Conj/Ice/Air   0%         6-21      100%        5
 Conjure Ball Lightning   Conj/Air       0%         3x3d6     100%        6
 Discord                  Hex            0%         N/A       100%        8
 Disjunction              Tloc           0%         N/A       100%        8


Dungeon Overview and Level Annotations

Branches:
Dungeon (3/15)

Altars:
Dithmenos

Annotations:
D:3 1 runed translucent door, Crazy Yiuf


Innate Abilities, Weirdness & Mutations

You are small and have problems with some larger weapons.
You are completely attuned to the shadows.


Message History

The orc wizard is severely wounded.
The orc wizard points at you and mumbles some strange words.
You are confused.
The orc wizard hits you with a +0 dagger.
You're too confused to move!
The orc wizard barely misses you. The orc wizard closely misses you.
You're too confused to move!
The orc wizard hits you but does no damage.
You feel less confused.
The orc wizard hits you but does no damage.
Throw: 20 darts (poison)
Press: ? - help, Q - select action, (/) - cycle Shift-Dir - straight line, f - orc wizard
Aim: an orc wizard, wielding a +0 dagger and wearing a +0 robe (severely wounded, slightly transparent, 56% to hit)
You throw a poisoned dart. The poisoned dart hits the orc wizard.
The orc wizard is poisoned.
The orc wizard is severely wounded.
The orc wizard gestures at you while chanting.
The magic dart hits you!
* * * LOW HITPOINT WARNING * * *
You barely miss the orc wizard.
The orc wizard is severely wounded.
The orc wizard completely misses you.
You hit the orc wizard but do no damage.
The orc wizard is severely wounded.
You barely miss the orc wizard.
The orc wizard is severely wounded.
The orc wizard hits you but does no damage.
The orc wizard hits you with a +0 dagger.
* * * LOW HITPOINT WARNING * * *
The orc wizard attacks as you move away!
The orc wizard barely misses you.
The orc wizard looks more healthy.
Throw: 19 darts (poison)
Press: ? - help, Q - select action, (/) - cycle Shift-Dir - straight line, f/p - orc wizard
Aim: an orc wizard, wielding a +0 dagger and wearing a +0 robe (severely wounded, 56% to hit)
You throw a poisoned dart. The poisoned dart hits the orc wizard.
The orc wizard is poisoned.
The orc wizard is severely wounded.
The orc wizard points at you and mumbles some strange words.
The puff of flame hits you.
You die...

# #.# #.# # #.## #.# ##
######..## #.#... ....
.......#.## #.#.### #.. o
#####.###.## #.....#
#.####.. #.##
##.###.#.#.#####.#..... #
##.###.#.......(().(........
.
##.#.......#.#.#####.#.....
. ##.###.##..@o.# #.#####. #
####......####.### #..
###..............# ####
..#..#.......#####
#............<..#
###..#.......##.# #####
#)#.#...÷#########.).##
#.##.....# #..#......###
##### #.###.#.##
#..#...†....###....


You could see an orc wizard (poisoned).

Vanquished Creatures
  Jessica (D:3)
  Terence (D:3)
  An orc wizard (D:3)
  An adder (D:2)
  A worm (D:2)
  3 dart slugs
  An orc (D:3)
  3 bats
  6 endoplasms
  3 giant cockroaches
  7 goblins
  2 hobgoblins (D:1)
  8 kobolds
  3 quokkas
  6 ball pythons
  2 frilled lizards
  6 rats
55 creatures vanquished.

Notes
Turn   | Place    | Note
-------+----------+-------------------------------------------
     0 | D:1      | booth the Kobold Brigand began the quest for the Orb.
     0 | D:1      | Reached XP level 1. HP: 12/12 MP: 1/1
   136 | D:1      | Reached XP level 2. HP: 18/18 MP: 2/2
   262 | D:1      | Reached skill level 6 in Stealth
   861 | D:1      | Reached XP level 3. HP: 22/22 MP: 3/3
  1641 | D:2      | Reached XP level 4. HP: 27/27 MP: 4/4
  2065 | D:3      | Noticed Jessica
  2071 | D:3      | Killed Jessica
  2234 | D:3      | Found a runed translucent door.
  2237 | D:3      | Noticed Crazy Yiuf
  2493 | D:3      | Found a shadowy altar of Dithmenos.
  2631 | D:3      | Reached XP level 5. HP: 31/31 MP: 5/5
  2711 | D:3      | Noticed Terence
  2716 | D:3      | Killed Terence
  2717 | D:3      | Reached skill level 7 in Stealth
  2811 | D:3      | Killed from afar by an orc wizard

Illustrated notes

Levels and vault maps discovered:
D:1:      dpeg_arrival_chambers_temple_mockup, layout_rooms,
          wad_floor_pattern_2, minmay_misc_feat_plants
D:2:      layout_basic
D:3:      layout_loops_ring, mainiacjoe_overflow_six_doors_small,
          hangedman_decor_push, uniq_crazy_yiuf_cottage, uniq_robin,
          uniq_terence, uniq_jessica

Skill      XL: |  1  2  3  4  5 |
---------------+----------------+-----
Stealth        | 6 7 |  7.3
Short Blades   | 3 4 |  4.4
Fighting       | |  2.6
Throwing       | |  2.6
Dodging        | |  1.7

Action                   |  1- 3 |  4- 6 || total
-------------------------+-------+-------++-------
Melee: Dagger            |    69 |    41 ||   110
       Punch             |       |     1 ||     1
Throw: Dart              |    18 |     8 ||    26
       Boomerang         |       |     1 ||     1
  Use: Scroll            |     2 |     1 ||     3
       Potion            |     1 |       ||     1
 Stab: Sleeping          |    15 |    12 ||    27
       Distracted        |       |     1 ||     1
       Confused          |       |     1 ||     1
Armor: Robe              |    11 |    10 ||    21
Dodge: Dodged            |    42 |    15 ||    57
